 Dungeon Crawl Stone Soup version 0.23-a0-448-g1c01f63 (webtiles) character file.

354 Dfrag the Firebug (level 6, -6/49 HPs)
             Began as a Naga Fire Elementalist on Nov 20, 2018.
             Mangled by an orc priest
             ... wielding a +0 trident
              (8 damage)
             ... on level 7 of the Dungeon.
             The game lasted 00:05:56 (3240 turns).

Dfrag the Firebug (Naga Fire Elementalist)          Turns: 3240, Time: 00:05:56

Health: -6/49      AC:  6    Str: 10    XL:     6   Next: 63%
Magic:  11/11      EV: 10    Int: 17    God:
Gold:   149        SH:  0    Dex: 12    Spells: 4/12 levels left

rFire    + . .     SeeInvis +   m - +1 dagger (flame)
rCold    . . .     Gourm    .   (no shield)
rNeg     . . .     Faith    .   a - +0 robe
rPois    +         Spirit   .   o - +0 helmet
rElec    .         Reflect  .   p - +0 cloak (curse)
rCorr    .         Harm     .   i - +0 pair of gloves
MR       .....                  (no barding)
Stlth    ++........             (no amulet)
HPRegen  0.16/turn              j - ring of protection from fire
MPRegen  0.12/turn              (no ring)

@: very slow
A: large, see invisible, deformed body, poison resistance, slowness 2, slow
metabolism 1, spit poison 1, AC +2
a: Spit Poison


You were on level 7 of the Dungeon.
You were not hungry.

You visited 1 branch of the dungeon, and saw 5 of its levels.

You collected 149 gold pieces.

Inventory:

Hand Weapons
 m - a +1 dagger of flaming (weapon)
Armour
 a - a +0 robe (worn)
 i - a +0 pair of gloves (worn)
 o - a +0 helmet (worn)
 p - a cursed +0 cloak (worn)
Jewellery
 j - a ring of protection from fire (left hand)
Scrolls
 e - 4 scrolls of identify {unknown}
 g - 2 scrolls of enchant weapon {unknown}
 h - a scroll of immolation {unknown}
 k - a scroll of amnesia {unknown}
Potions
 d - a potion of heal wounds
 n - a potion of agility
Comestibles
 c - 8 rations


   Skills:
 - Level 1.5 Dodging
 - Level 3.0 Stealth
 + Level 3.9 Spellcasting
 + Level 3.7 Conjurations
 + Level 4.8 Fire Magic


You had 4 spell levels left.
You knew the following spells:

 Your Spells              Type           Power        Failure   Level  Hunger
a - Flame Tongue          Conj/Fire      ###..        2%          1    None
b - Conjure Flame         Conj/Fire      ###.....     9%          3    ###....
c - Sticky Flame          Conj/Fire      ###.....     26%         4    ####...

Your spell library contained the following spells:

 Spells                   Type           Power        Failure   Level  Hunger
 Throw Flame              Conj/Fire      ###...       4%          2    ##.....
 Inner Flame              Hex/Fire       ##......     19%         3    ###....
 Fireball                 Conj/Fire      ###.......   58%         5    ######.


Dungeon Overview and Level Annotations

Branches:
Dungeon (4/15)
 Temple: D:4-7

Altars:
Ashenzari
Trog
Uskayaw
Vehumet


Innate Abilities, Weirdness & Mutations

You cannot wear boots.
Your serpentine skin is tough. (AC +2)
You have supernaturally acute eyesight. (SInv)
Armour fits poorly on your strangely shaped body.
Your system is resistant to poisons. (rPois)
You cover ground very slowly.
You have a slow metabolism.
You can spit poison.


Message History

You closely miss the orc. The bullfrog hits you!
The orc priest barely misses you. The orc hits you with a +0 whip.
The bullfrog hits you! The orc closely misses you.
The bullfrog closely misses you.
The orc priest hits you from afar with a +0 trident!
* * * LOW HITPOINT WARNING * * *
The orc warrior barely misses you.
You hit the orc. You burn the orc.
The orc is severely wounded.
The bullfrog hits you.
* * * LOW HITPOINT WARNING * * *
The bullfrog hits you.
* * * LOW HITPOINT WARNING * * *
The orc priest hits you with a +3 dagger of protection.
* * * LOW HITPOINT WARNING * * *
The orc hits you with a +0 whip.
* * * LOW HITPOINT WARNING * * *
The orc barely misses you. The bullfrog barely misses you.
The orc priest hits you from afar with a +0 trident!
You die...

############
#..........#
#.(........#
##.!........#
..s..o......#
#....FoF...#
#.h..o@....#
......oo....#
#...........#
.......######
.......
.......
#.....#
......


You could see an orc warrior, a black bear, 2 bullfrogs, 2 orc priests, 2 orcs
and a giant cockroach.

Vanquished Creatures
  4 orc wizards (D:3)
  Terence (D:2)
  Robin (D:3)
  3 gnolls (D:2)
  5 adders
  An ooze (D:1)
  7 worms
  A dart slug (D:1)
  4 leopard geckos
  An orc (D:3)
  3 giant cockroaches
  17 goblins
  12 hobgoblins
  11 jackals
  7 kobolds
  2 quokkas (D:3)
  A ball python (D:1)
  10 bats
  2 frilled lizards
  13 rats
106 creatures vanquished.

Notes
Turn   | Place    | Note
-------+----------+-------------------------------------------
     0 | D:1      | Dfrag the Naga Fire Elementalist began the quest for the
                  | Orb.
     0 | D:1      | Reached XP level 1. HP: 15/15 MP: 3/3
    73 | D:1      | Reached XP level 2. HP: 10/22 MP: 0/5
   607 | D:1      | Reached XP level 3. HP: 26/28 MP: 3/6
   612 | D:1      | Learned a level 3 spell: Conjure Flame
  1185 | D:2      | Reached XP level 4. HP: 12/36 MP: 0/8
  1191 | D:2      | Learned a level 4 spell: Sticky Flame
  1272 | D:2      | Noticed Terence
  1381 | D:2      | Killed Terence
  1498 | D:2      | Reached skill level 4 in Fire Magic
  1498 | D:2      | Reached XP level 5. HP: 19/42 MP: 3/9
  1935 | D:2      | Found a hide-covered altar of Uskayaw.
  2244 | D:3      | Noticed Robin
  2259 | D:3      | Killed Robin
  2702 | D:3      | Reached XP level 6. HP: 31/49 MP: 6/11
  2847 | D:3      | Found a radiant altar of Vehumet.
  2935 | D:3      | Found a shattered altar of Ashenzari.
  3005 | D:3      | Noticed a moth of wrath
  3008 | D:3      | Found a bloodstained altar of Trog.
  3234 | D:4      | You fall through a shaft for 3 floors!
  3234 | D:7      | Noticed an orc warrior
  3238 | D:7      | Noticed a black bear
  3240 | D:7      | HP: 2/49 [orc/+0 whip (6)]
  3240 | D:7      | Mangled by an orc priest

Vault maps used:
D:1:      nzn_arrival_water_spiral, serial_forest, infiniplex_forest_straight_2,
          infiniplex_forest_clump_small, infiniplex_forest_clump_medium,
          infiniplex_forest_side_room, infiniplex_forest_clump_curved,
          infiniplex_forest_clump_diagonal, grunt_decor_clamped
D:2:      lemuel_doored_altar, kennysheep_boxes, uniq_terence
D:3:      cheibrodos_ashenzari_chains, tgw_trog, first_ration,
          lemuel_statue_altar, uniq_robin
D:4:      okawaru_altar_gauntlet_db, serial_shops,
          nicolae_shop_overgrown_old_shop, nicolae_shop_behind_doors,
          nicolae_shop_competitors_out_of_business, shop, uniq_duvessa,
          uniq_natasha, uniq_ijyb
D:7:      minivault_25

Skill      XL: |  1  2  3  4  5 |
---------------+----------------+-----
Conjurations   | 2 3 |  3.7
Spellcasting   | 3 |  3.9
Fire Magic     | 4 |  4.8
Dodging        | |  1.5
Stealth        | |  3.0

Action                   |  1- 3 |  4- 6 || total
-------------------------+-------+-------++-------
Melee: Unarmed           |     3 |       ||     3
       Dagger            |    14 |    46 ||    60
 Cast: Flame Tongue      |    44 |   102 ||   146
 Abil: Spit Poison       |    17 |    31 ||    48
  Use: Potion            |       |     5 ||     5
  Eat: Chunk             |     2 |     7 ||     9
Armor: Robe              |     6 |    56 ||    62
Dodge: Dodged            |    28 |    86 ||   114

Table legend:
 A = Non-vault XP
 B = Vault XP
 C = Vault XP percentage of total XP
 D = Non-vault monster count
 E = Vault monster count
 F = Vault count percentage of total count
                 A         B        C        D         E       F
            +---------+---------+-------+---------+---------+-------
      Total |     429 |      78 |  15.4 |      92 |      14 |  13.2
            +---------+---------+-------+---------+---------+-------
        D:1 |      44 |       0 |   0.0 |      21 |       0 |   0.0
        D:2 |     142 |      36 |  20.2 |      37 |       1 |   2.6
        D:3 |     243 |      42 |  14.7 |      34 |      13 |  27.7
            +---------+---------+-------+---------+---------+-------
